Map: Acropolis LE

Players

Parkkatz - Winner!

  • Race: Zerg Zerg
  • League: Platinum
  • Spawn Location: 5:00

Burter

  • Race: Terran Terran
  • League: Platinum
  • Spawn Location: 11:00

VOD

Have the link to the VOD?

Description

Time

  • Played on: June 28, 2019, 11:10 p.m.
  • Length: 14:41
Show
View Real Time Build Order
Export as new Build Order

Parkkatz Zerg - Winner!

Build Orders: Hatch First 

Get SALT Encoding   

  12  0:01  Drone  
  13  0:13  Overlord  
  13  0:18  Drone  
  14  0:32  Drone x2  
  16  0:37  Drone  
  17  0:55  Drone  
  18  0:58  Hatchery  
  17  1:09  Spawning Pool  
  16  1:12  Drone  
  16  1:15  Drone  
  18  1:24  Drone  
  19  1:26  Extractor  
  19  1:30  Drone  
  19  1:40  Overlord  
  19  1:56  Queen  
  19  1:59  Zergling x2  
  22  2:03  Drone  
  23  2:09  Queen  
  23  2:10  Drone  
  26  2:16  Drone  
  27  2:24  Drone x2  
  29  2:35  Metabolic Boost  
  29  2:38  Drone x2  
  31  2:47  Drone x2  
  33  2:55  Overlord  
  33  2:59  Hatchery, Drone  
  34  3:05  Drone x2  
  34  3:06  Drone  
  36  3:26  Queen  
  38  3:40  Baneling Nest  
  38  3:41  Drone  
  38  3:42  Spore Crawler  
  38  3:44  Spore Crawler  
  38  3:45  Zergling x10  
  41  3:49  Drone x3  
  41  3:53  Drone, Extractor x2  
  41  3:54  Overlord x2  
  43  4:02  Drone  
  44  4:13  Queen  
  46  4:18  Overlord  
  46  4:19  Overlord x2  
  46  4:21  Zergling x2  
  46  4:22  Zergling x6  
  46  4:24  Baneling x2  
  50  4:31  Drone x3  
  51  4:34  Queen  
  55  4:53  Overlord  
  55  4:54  Overlord x2  
  55  4:55  Zergling x2  
  55  4:56  Zergling x10  
  61  5:01  Drone  
  61  5:02  Drone, Overlord  
  63  5:08  Drone x4  
  63  5:09  Drone  
  66  5:30  Drone x4  
  66  5:31  Drone x3  
  66  5:34  Baneling x2  
  66  5:35  Baneling x5  
  73  5:36  Baneling x2  
  74  5:42  Drone  
  74  5:43  Drone x4  
  66  5:58  Zergling x2  
  66  5:59  Zergling x22  
  76  6:09  Extractor x2  
  74  6:15  Drone x2  
  74  6:16  Overlord  
  76  6:20  Lair  
  76  6:23  Extractor  
  75  6:36  Drone x3, Overlord  
  75  6:37  Overlord  
  75  6:38  Zergling x2  
  75  6:39  Zergling x16  
  87  6:40  Baneling x5  
  87  6:47  Roach Warren  
  87  6:49  Drone  
  87  6:51  Hatchery  
  86  7:19  Baneling x2  
  86  7:20  Baneling x4  
  86  7:25  Drone x3  
  86  7:26  Drone x3  
  86  7:27  Overlord x2  
  86  7:28  Drone  
  90  7:40  Centrifical Hooks  
  86  7:52  Zergling x2  
  86  7:53  Zergling x18  
  93  8:01  Drone  
  93  8:02  Drone x3  
  93  8:03  Queen  
  96  8:17  Infestation Pit  
  95  8:22  Drone x3  
  95  8:23  Drone  
  99  8:28  Evolution Chamber  
  99  8:32  Evolution Chamber  
  97  8:35  Evolution Chamber, Zergling x2  
  97  8:36  Roach  
  97  8:37  Roach x11  
  120  9:16  Hive  
  120  9:17  Zerg Ground Armor Level 1, Zerg Melee Weapons Level 1, Zerg Missile Weapons Level 1  
  115  9:28  Roach x11  
  115  9:29  Roach x4  
  145  9:33  Glial Reconstitution  
  145  9:34  Spire  
  144  9:42  Spore Crawler, Drone  
  144  9:43  Spore Crawler, Drone x6  
  149  9:46  Queen  
  149  9:48  Ravager  
  132  10:14  Roach x6  
  132  10:15  Roach  
  132  10:19  Overlord x3  
  128  10:30  Zergling x2  
  128  10:34  Overlord  
  128  10:35  Overlord x2  
  121  10:36  Zergling x16  
  121  10:37  Zergling x4  
  112  10:44  Zergling x16  
  110  10:57  Greater Spire  
  110  11:07  Zergling x2  
  110  11:08  Zergling x16  
  107  11:25  Roach x11  
  125  11:30  Zerg Melee Weapons Level 2, Zerg Ground Armor Level 2, Zerg Missile Weapons Level 2  
  109  11:47  Infestor x4  
  109  11:48  Mutalisk x5  
  109  11:51  Hatchery  
  109  11:53  Hatchery  
  109  11:54  Queen  
  127  12:04  Drone x3  
  127  12:05  Drone  
  131  12:11  Corruptor x6  
  143  12:16  Zergling x2  
  143  12:17  Zergling x8  
  143  12:19  Adrenal Glands  
  148  12:38  Baneling x2  
  148  12:41  Corruptor x3  
  154  12:48  Overlord x3  
  154  12:49  Overlord x2  
  154  12:50  Overseer x3  
  148  13:10  Brood Lord x2  
  146  13:16  Baneling x5  
  129  13:32  Zergling x2  
  129  13:33  Zergling x40  
  129  13:34  Zergling x2  
  138  13:45  Zergling x6  
  138  13:46  Zergling x2  
  142  14:03  Brood Lord  
  144  14:11  Brood Lord  
Show
View Real Time Build Order
Export as new Build Order

Burter Terran 

Build Orders:  

Get SALT Encoding   

  12  0:01  SCV  
  13  0:14  SCV  
  14  0:26  Supply Depot  
  14  0:27  SCV  
  15  0:48  SCV  
  16  0:52  Barracks  
  16  1:00  SCV  
  17  1:12  SCV  
  18  1:23  Refinery  
  18  1:28  Supply Depot  
  18  1:39  Orbital Command  
  18  1:40  Marine  
  18  1:44  Command Center  
  19  1:54  Barracks  
  19  1:57  Marine  
  20  2:07  SCV  
  21  2:12  Refinery  
  21  2:18  Barracks Tech Lab  
  21  2:24  SCV  
  22  2:37  SCV  
  23  2:38  Marine  
  23  2:42  Stimpack  
  23  2:43  Marine  
  25  2:49  SCV  
  26  2:54  Supply Depot  
  26  2:56  Marine  
  27  2:59  Orbital Command  
  27  3:01  Marine, SCV  
  29  3:11  Factory  
  29  3:13  SCV  
  29  3:19  Marine x2  
  32  3:25  SCV  
  33  3:31  SCV  
  34  3:37  Marine, SCV  
  34  3:39  Marine  
  37  3:43  SCV  
  38  3:49  Refinery, SCV  
  38  3:52  Engineering Bay  
  39  3:55  SCV  
  39  3:56  Widow Mine  
  39  4:00  Marine x2  
  44  4:21  Marine x2  
  46  4:29  SCV  
  47  4:31  Factory Tech Lab  
  47  4:34  SCV  
  47  4:35  Starport  
  48  4:39  Marine  
  48  4:41  SCV  
  48  4:42  Command Center  
  48  4:43  Terran Infantry Weapons Level 1  
  50  4:49  Refinery  
  50  4:54  Supply Depot  
  50  4:55  Marine  
  50  4:59  Siege Tank  
  54  5:16  Marine x2, SCV x2  
  48  5:28  SCV x2  
  48  5:29  Medivac  
  48  5:33  Marine  
  48  5:34  Marine  
  48  5:35  Barracks  
  52  5:41  SCV  
  53  5:51  Marine  
  52  6:04  Barracks Reactor  
  52  6:08  SCV  
  52  6:09  Marine  
  54  6:13  SCV  
  55  6:20  SCV  
  55  6:25  Starport Reactor  
  56  6:26  Barracks, Barracks Tech Lab  
  56  6:30  Barracks  
  56  6:31  Barracks  
  56  6:35  SCV  
  56  6:38  Supply Depot  
  56  6:39  Supply Depot, Marine  
  58  6:46  SCV  
  59  6:49  SCV  
  60  6:57  Marine  
  60  7:00  Marine x2  
  63  7:02  Viking, Medivac  
  67  7:15  Marine  
  68  7:17  Supply Depot  
  68  7:18  Marine  
  68  7:53  Marine  
  68  7:54  Marine x2  
  68  7:56  Barracks Tech Lab  
  68  7:57  Barracks Reactor  
  69  7:58  Barracks Tech Lab  
  68  8:12  Medivac x2  
  66  8:13  Combat Shield  
  66  8:15  Siege Tank  
  66  8:16  SCV  
  66  8:19  Marine x3  
  73  8:21  Supply Depot  
  73  8:27  Liberator  
  73  8:41  Marine, SCV x2  
  75  8:42  Marine x2, Marauder  
  75  8:43  Marauder x2  
  75  8:44  Medivac  
  89  8:49  Supply Depot  
  89  8:53  SCV  
  89  8:54  Marine x2  
  88  8:59  Marine x2  
  90  9:04  Marauder x3  
  90  9:08  Marine  
  97  9:12  Marine, Siege Tank  
  97  9:13  Marine  
  100  9:20  Marine  
  101  9:38  Supply Depot x2  
  101  9:40  Supply Depot  
  101  9:42  Liberator  
  101  9:59  Marine x2  
  106  10:00  Siege Tank, Medivac, Marauder x2, SCV x2  
  106  10:01  Supply Depot, Marine  
  98  10:18  Marauder  
  98  10:20  Marine x5  
  107  10:21  Marauder  
  103  10:32  Siege Tank  
  93  10:35  Marine  
  93  10:37  Marine  
  93  10:38  Marine x2  
  93  10:39  Marauder  
  91  10:50  Marine x3  
  91  10:51  SCV  
  91  10:53  Marine  
  91  10:54  Planetary Fortress  
  91  10:55  SCV  
  97  11:00  Marauder  
  97  11:03  Marine x2  
  97  11:04  Marine  
  102  11:09  Marauder  
  103  11:12  Marauder  
  105  11:22  Marauder  
  106  11:34  SCV  
  106  11:36  SCV  
  101  11:46  Marine, SCV  
  101  11:47  Marauder x3  
  109  11:48  Siege Tank, SCV  
  109  11:49  Medivac x2  
  117  11:55  Command Center  
  117  12:06  Command Center  
  117  12:07  Liberator  
  117  12:18  Supply Depot  
  117  12:19  Supply Depot  
  117  12:20  Supply Depot  
  117  12:22  Supply Depot  
  117  12:23  Marine x2, Medivac  
  117  12:24  Marine, Siege Tank, Marauder x2, SCV  
  133  12:36  Liberator  
  133  12:40  Marine x2, Marauder, SCV  
  133  12:41  Marine x3  
  141  12:44  Terran Infantry Armor Level 1  
  141  12:45  Marauder x2  
  145  12:52  Engineering Bay  
  145  12:54  Armory  
  145  12:56  Siege Tank  
  151  13:02  Marauder  
  153  13:07  Marauder  
  119  13:28  Siege Tank  
  101  13:43  Marine  
  101  13:46  Planetary Fortress, Missile Turret  
  92  13:51  SCV  
  92  13:53  Missile Turret  
  92  13:54  Missile Turret  
  93  13:56  SCV  
  93  14:02  Planetary Fortress  
  94  14:04  Marine, Missile Turret  
  94  14:05  Marine x3, Marauder  
  94  14:06  Marine x2, Missile Turret, Marauder  
  104  14:10  SCV  
  104  14:11  Missile Turret  
  104  14:12  SCV  
  106  14:18  Sensor Tower  
  105  14:27  Missile Turret  
  105  14:30  Missile Turret  
Tags
 
Matchup
TvZ
Replay Pack
SC2 replays
Spawn Locations
Cross Positions
Add a new tag
Caveats
  • Supply blocks, unpowered buildings, or Contaminate may cause inaccurate times.
  • Supply counts are checked every 10 seconds.